Workbook

Sheet Resumen Contratista
B2: RESUMEN
B3: GESTION DE RESIDUOS | E3: ='Partidas a rellenar'!G3 -> 0
B4: UNIDADES DEPOSITO | E4: ='Partidas a rellenar'!G16 -> 0
B5: DEMOLICIONES, DESBROCE Y TALAS | E5: ='Partidas a rellenar'!G67 -> 0
B6: MOVIMIENTO DE TIERRAS Y DEMOLICIONES | E6: ='Partidas a rellenar'!G74 -> 0
B7: RELLENOS Y OTROS | E7: ='Partidas a rellenar'!G83 -> 0
B8: BANDA DE SEÑALIZACION | E8: ='Partidas a rellenar'!G106 -> 0
B9: ESTRUCTURAS | E9: ='Partidas a rellenar'!G109 -> 0
B10: ARQUETAS, TAPAS, SUMIDEROS Y ELEMENTOS INT. | E10: ='Partidas a rellenar'!G134 -> 0
B11: GUNITADO | E11: ='Partidas a rellenar'!G171 -> 0
B12: SUB-BASES Y MBC Y UNIDADES DE URBANIZACION | E12: ='Partidas a rellenar'!G176 -> 0
B13: IMPERMEABILIZACIONES | E13: ='Partidas a rellenar'!G199 -> 0
B14: GALERIA PREFABRICADA | E14: ='Partidas a rellenar'!G214 -> 0
B15: TUBERÍA FUNDICIÓN DUCTIL | E15: ='Partidas a rellenar'!G217 -> 0
B16: PIECERÍO FUNDICION DUCTIL | E16: ='Partidas a rellenar'!G302 -> 0
B17: UNIONES CONTRATRACCION Y MANGAS POLIETILENO | E17: ='Partidas a rellenar'!G485 -> 0
B18: TUBERIA POLIETILENO A.D | E18: ='Partidas a rellenar'!G552 -> 0
B19: PIECERIO POLIETILENO A.D. | E19: ='Partidas a rellenar'!G593 -> 0
B20: TUBERÍA DE POLIETILENO REFORZADO | E20: ='Partidas a rellenar'!G664 -> 0
B21: CODO E-E F.D. PARA TUBO PEAD | E21: ='Partidas a rellenar'!G677 -> 0
B22: "T" F.D. E-E-E TUBERIAS PEAD | E22: ='Partidas a rellenar'!G686 -> 0
B23: T REDUCTOR F.D. E-B-E TUB. PEAD | E23: ='Partidas a rellenar'!G705 -> 0
B24: ENLACES ROSCA LATÓN | E24: ='Partidas a rellenar'!G724 -> 0
B25: CODOS LATÓN | E25: ='Partidas a rellenar'!G733 -> 0
B26: ACOMETIDAS DOMICILIARIAS | E26: ='Partidas a rellenar'!G740 -> 0
B27: VALVULAS DE COMPUERTA | E27: ='Partidas a rellenar'!G765 -> 0
B28: VALVULAS DE MARIPOSA | E28: ='Partidas a rellenar'!G784 -> 0
B29: VALVULAS DE RETENCIÓN | E29: ='Partidas a rellenar'!G803 -> 0
B30: VALVULAS DE RETENCION AXIAL | E30: ='Partidas a rellenar'!G820 -> 0
B31: VALVULAS DE FLOTADOR DE ALTITUD | E31: ='Partidas a rellenar'!G831 -> 0
B32: VALVULAS DE BOYA | E32: ='Partidas a rellenar'!G850 -> 0
B33: VALVULA REDUCTORA PRESION CON VALVULA PILOTO | E33: ='Partidas a rellenar'!G869 -> 0
B34: VALVULAS REDUCTORAS DE PRESION ACCION DIRECTA | E34: ='Partidas a rellenar'!G888 -> 0
B35: VENTOSA DOBLE BOLA SIN VÁLVULA | E35: ='Partidas a rellenar'!G901 -> 0
B36: VENTOSA DOBLE BOLA CON VÁLVULA ASIENTO | E36: ='Partidas a rellenar'!G916 -> 0
B37: CARRETES DE DESMONTAJE Y ADAPTADORES | E37: ='Partidas a rellenar'!G933 -> 0
B38: CONTADOR DE CHORRO MÚLTIPLE | E38: ='Partidas a rellenar'!G966 -> 0
B39: CONTADOR TIPO WOLTMAN | E39: ='Partidas a rellenar'!G973 -> 0
B40: CONTADOR ULTRASONICO | E40: ='Partidas a rellenar'!G986 -> 0
B41: CONTADOR ELECTROMAGNÉTICO | E41: ='Partidas a rellenar'!G999 -> 0
B42: VÁLVULAS DE ESFERA CUADRADILLO | E42: ='Partidas a rellenar'!G1012 -> 0
B43: JUNTA ANTIVIBRATORIAS | E43: ='Partidas a rellenar'!G1021 -> 0
B44: MANOMETROS ESTANCOS | E44: ='Partidas a rellenar'!G1040 -> 0
B45: BOCAS DE RIEGO E HIDRANTE | E45: ='Partidas a rellenar'!G1043 -> 0
B46: SIEMBRA Y PLANTACIONES | E46: ='Partidas a rellenar'!G1054 -> 0
B47: COLLARINES FD-PEAD PARA ACOMETIDA | E47: ='Partidas a rellenar'!G1059 -> 0
B48: TELECOMUNICACIONES OBRA CIVIL | E48: ='Partidas a rellenar'!G1084 -> 0
B49: INGENIERIA | E49: ='Partidas a rellenar'!G1103 -> 0
B51: PRESUPUESTO DE EJECUCIÓN MATERIAL | E51: =SUM(E3:E49) -> 0
B53: Gastos generales | C53: 0.06 | E53: =E51*0.06 -> 0
B54: Beneficio industrial | C54: 0.13 | E54: =E51*0.13 -> 0
B56: PRESUPUESTO BASE DE LICITACIÓN SIN IVA | E56: =E51+E53+E54 -> 0
B58: IVA | C58: 0.21 | E58: =E56*0.21 -> 0
B60: PRESUPUESTO BASE DE LICITACIÓN
E61: =E56+E58 -> 0

Sheet Partidas a rellenar
A1: Presupuesto
A2: Código | B2: Nat | C2: Ud | D2: Resumen | E2: CanPres | F2: Pres | G2: ImpPres
A3: A00-LER | B3: Capítulo | D3: GESTION DE RESIDUOS | G3: =SUM(G4:G14) -> 0
A4: 170504 | B4: Partida | C4: Tn | D4: RETIRADA TIERRAS Y ROCAS NO CONTAMINADAS | E4: 10 | G4: =ROUND(E4*F4*1,2) -> 0
D5: RETIRADA DE TIERRAS Y ROCAS NO CONTAMINADAS
A6: 170505 | B6: Partida | C6: Tn | D6: RETIRADA LODOS DE DRENAJE C/SUSTANCIAS PELIGROSAS | E6: 5 | G6: =ROUND(E6*F6*1,2) -> 0
D7: RETIRADA DE LODOS DE DRENAJE QUE CONTIENEN SUSTANCIAS PELIGROSAS
A8: 170506 | B8: Partida | C8: Tn | D8: RETIRADA LODOS DE DRENAJE DISTINTOS 170505 | E8: 2 | G8: =ROUND(E8*F8*1,2) -> 0
D9: RETIRADA DE LODOS DE DRENAJE DISTINTOS DE LOS ESPECIFICADOS EN EL CÓDIGO 17.05.05
A10: 170605 | B10: Partida | C10: Tn | D10: RETIRADA MATERIALES QUE CONTIENEN AMIANTO | E10: 1 | G10: =ROUND(E10*F10*1,2) -> 0
D11: RETIRADA DE MATERIALES DE CONSTRUCCIÓN QUE CONTIENEN AMIANTO
A12: 170904_1 | B12: Partida | C12: Tn | D12: RETIRADA DE OTROS RESIDUOS DE CONSTRUCCIÓN Y DEMOLICIÓN MÁX 10% | E12: 1 | G12: =ROUND(E12*F12*1,2) -> 0
D13: RETIRADA DE OTROS RESIDUOS MEZCLADOS DE CONSTRUCCIÓN Y DEMOLICIÓN DISTINTOS DE LOS ESPECIFICADOS EN LOS CÓDIGOS 17.09.02 Y 17.09.03 CON 10% MÁXIMO DE PLÁSTICO, MADERA, YESO
A14: P98 | B14: Partida | C14: UD | D14: CONTENEDOR | E14: 1 | G14: =ROUND(E14*F14*1,2) -> 0
D15: CONTENEDOR EN OBRA PARA LA RETIRADA DE RESIDUOS, DURANTE TODA LA DURACIÓN DE LA OBRA.
A16: U0100 | B16: Capítulo | D16: UNIDADES DEPOSITO | G16: =SUM(G17:G66) -> 0
A17: U010001 | B17: Partida | C17: M2 | D17: LIMPIEZA SUPERF. HORMIGÓN CHORRO AGUA INTERIOR DEPOSITO | E17: 75 | G17: =ROUND(E17*F17*1,2) -> 0
D18: LIMPIEZA DE LA SUPERFICIE DE HORMIGÓN MEDIANTE CHORRO DE AGUA A PRESIÓN Y JABONES NEUTROS NO ABRASIVOS, INCLUIDAS TODAS LAS OPERACIONES NECESARIAS, LIMPIEZA Y RETIRADA DE RESTOS, ASÍ COMO LA PARTE PROPORCIONAL DE ANDAMIOS Y ANDAMIOS COLGADOS, U OTROS ELEMENTOS NECESARIOS PARA SU COMPLETA EJECUCIÓN.
A19: U010005 | B19: Partida | C19: UD | D19: DESMONTAJE DE PATES | E19: 30 | G19: =ROUND(E19*F19*1,2) -> 0
D20: EMPALME BRIDA-LISO DE FUNDICION DUCTIL DN= 250 MM. PN-16
A21: U010006 | B21: Partida | C21: UD | D21: DESMONTAJE DE INSTALACIÓN EXISTENTE EN DEPÓSITO | E21: 1 | G21: =ROUND(E21*F21*1,2) -> 0
D22: DESMONTAJE DE INSTALACIÓN HIDRÁULICA Y / O ELÉCTRICA EXISTENTE EN DEPÓSITO (CUADROS ELECTRICOS, CABLEADO Y SOPORTES, CONDUCCIONES Y ACCESORIOS DE ACERO O PLÁSTICO, MECANISMOS., ETC.). INCLUSO CARGA Y TRANSPORTE A GESTOR AUTORIZADO. QUEDANDO SALA DE LLAVES COMPLETAMENTE DESPEJADA.
A23: U010010 | B23: Partida | C23: M2 | D23: RETIRADA DE TIERRA DE CUBIERTA | E23: 75 | G23: =ROUND(E23*F23*1,2) -> 0
D24: RETIRADA DE CAPA DE TIERRA DE CUBIERTA DE DEPÓSITOS CON MEDIOS MECÁNICOS Y/O MANUALES A PIE DE OBRA.
A25: U010015 | B25: Partida | C25: M2 | D25: REPARACIÓN DE ESTRUCTURA DE HORMIGÓN | E25: 30 | G25: =ROUND(E25*F25*1,2) -> 0
D26: REPARACIÓN DE ESTRUCTURA DE HORMIGÓN (PARTE ACCESIBLE) QUE INCLUYE: - SANEADO DEL HORMIGÓN: SANEADO DEL HORMIGÓN DETERIORADO, DEJANDO LA ARMADURA INTERNA AL DESCUBIERTO EN TODO SU PERÍMETRO, PICANDO CON MARTILLO NEUMÁTICO TODAS LAS ZONAS AFECTADAS HASTA LOCALIZAR LA PARTE SANA DEL MISMO. - LIMPIEZA: LIMPIEZA DE LA ARMADURA ELIMINANDO TOTALMENTE EL ÓXIDO HASTA UN GRADO SA 2 1/2, SEGÚN LA NORMA SUECA DE CALIDAD, POR MEDIOS MECÁNICOS. - PASIVADO DE ARMADURAS: PASIVADO DE LAS ARMADURAS CON LA APLICACIÓN DE DOS MANOS DE EPOXI RICO EN ZINC TIPO ZINCRICH O SIMILAR. PÉRDIDA DE SECCIÓN: CUANDO SE PRODUZCA POR OXIDACIÓN EN LA ARMADURA UNA PÉRDIDA DE SU SECCIÓN IGUAL O SUPERIOR AL 20%, SE SUSTITUIRÁ LA MISMA POR OTRA DEL MISMO DIÁMETRO Y CARACTERÍSTICAS (MÍNIMO ACERO CORRUGADO B500S). - REPOSICIÓN DE LA GEOMETRÍA ORIGINAL: SE EJECUTARÁ UNA CORRECTA REPOSICIÓN DE LA GEOMETRÍA ORIGINAL DE LA SECCIÓN DEL PILAR O VIGAS, MEDIANTE LA APLICACIÓN DE UN MORTERO TIXOTRÓPICO (RENDEROC SF DE FOSROC O SIMILAR) DE RETRACCIÓN COMPENSADA APTO PARA REPARACIONES EN ELEMENTOS VERTICALES Y HORIZONTALES. EL RECUBRIMIENTO MÍNIMO DE LAS ARMADURAS SERÁ DE 2 CM, CON UN ESPESOR MEDIO DE 3 CM ACABADO TALOCHADO A BUENA VISTA. - EN CASO DE QUE LA SECCIÓN A REPARAR SEA CONSIDERABLE SE PODRÁ ENCOFRAR Y VERTER MICROHORMIGÓN MATERIAL FLUIDO Y DE ALTA RESISTENCIA DE RETRACCIÓN COMPENSADA CON UNA RESISTENCIA DE 50 N/MM² A COMPRESIÓN
A27: U010016 | B27: Partida | C27: M2 | D27: FORMACION PENDIENTES EN CUBIERTA | E27: 10 | G27: =ROUND(E27*F27*1,2) -> 0
D28: FORMACIÓN DE PENDIENTES EN CUBIERTA PLANA CON MORTERO DE ALBAÑILERÍA M-7,5, ESPESOR MEDIO 10 CM INCLUSO PARTE PROPORCIONAL DE RASTRELES.
A29: U010017 | B29: Partida | C29: ML | D29: REPARACIÓN ALERO DEPÓSITO | E29: 10 | G29: =ROUND(E29*F29*1,2) -> 0
D30: REPARACIÓN DE ALERO PERIMETRAL DE DEPÓSITO MEDIANTE PICADO DE SUPERFICIE DE HORMIGÓN DETERIORADA, LIMPIEZA Y RELLENO CON MORTERO DE REPARACIÓN TIXOTRÓPICO.
A31: U010018 | B31: Partida | C31: M2 | D31: ENFOSCADO MORTERO IMPERMEABILIZANTE INTERIOR DEPOSITO | E31: 15 | G31: =ROUND(E31*F31*1,2) -> 0
D32: APLICACION DE MORTERO IMPERMEABILIZANTE ELÁSTICO Y FLEXIBLE APTO PARA AGUA POTABLE EN ESTRUCTURAS DE HORMIGÓN Y MORTERO, PREVIA LIMPIEZA DE LA SUPERFICIE.
A33: U010019 | B33: Partida | C33: M2 | D33: IMPERMEABILIZACIÓN Y PROTECCIÓN DE CUBIERTA | E33: 15 | G33: =ROUND(E33*F33*1,2) -> 0
D34: IMPERMEABILIZACIÓN Y PROTECCIÓN DE SUPERFICIE CON LA APLICACIÓN DE UNA PRIMERA CAPA DE MEMBRANA DE POLIURETANO MONOCOMPONENTE BETOPUR O SIMILAR, RESISTENTE A LA INTEMPERIE Y DE EXCELENTE ADHERENCIA, Y LA APLICACIÓN DE UNA SEGUNDA CAPA DE BETOPUR TRANS CON PASTA PIGMENTADA VERDE, CONTINUA, IMPERMEABLE Y ELÁSTICA, RESISTENTE A LA INTEMPERIE Y DE EXCELENTE ADHERENCIA, PERMITIENDO UN CORRECTO ACABADO TRANSITABLE. INCLUSO LIMPIEZA DE SUPERFICIE PREVIA Y APLICACIÓN DE PUENTE DE UNIÓN SOBRE SUPERFICIE DE HORMIGÓN BETOPUR PRIMER O SIMILAR.
A35: U010020 | B35: Partida | C35: ML | D35: TACÓN DE HORMIGÓN PARA VALLADO | E35: 20 | G35: =ROUND(E35*F35*1,2) -> 0
D36: EJECUCIÓN DE TACÓN DE HORMIGÓN HM-20 PARA COLOCACIÓN DE VALLADO DE 30CM DE ALTURA VISTA POR 20 CM DE ANCHO, I/ENCOFRADO Y DESENCOFRADO, VERTIDO DE HORMIGÓN, COLOCACIÓN DE BERENGENO EN AMBAS ARISTAS, ACERO DE PIEL EN ESQUINAS Y TODAS LAS OPERACIONES ECESARIAS PARA SU EJECUCIÓN.
A37: U010100 | B37: Partida | C37: UD | D37: PUNTO DE TOMA DE MUESTRAS E INDICADOR DE NIVEL | E37: 1 | G37: =ROUND(E37*F37*1,2) -> 0
D38: PUNTO DE TOMA DE MUESTRA DE AGUA CON CÁNULA DE COBRE E INDICADOR DE NIVEL FORMADO POR TUBO DE PVC TRANSPARENTE DN25 CON PANEL DE FONDO DE PLÁSTICO GRADUADO CON ALTURA Y CAPACIDAD DEL DEPÓSITO. LA UNIDAD INCLUYE PICAJE ROSCADO DE ACERO REALIZADO SOBRE CARRETE DE ACERO, INCLUSO SOLDADURA Y PROTECCIÓN GALVANIZADA O CON PINTURA DE ZINC, 2 VÁLVULAS DE BOLA ROSCADA Ø1/2" ROSCA GAS, 1 TE ROSCADA DE H.G. Ø1/2" ,2 CODO 90º DE H.G. Ø1/2" Y ENLACES ROSCADOS DE UNION, MONTAJE Y PRUEBAS.
A39: U010101 | B39: Partida | C39: UD | D39: PUNTO DE TOMA DE MUESTRAS CON MANÓMETRO | E39: 1 | G39: =ROUND(E39*F39*1,2) -> 0
D40: PUNTO DE TOMA DE MUESTRA DE AGUA CON MANOMETRO ESTANCO, GRADUADO SEGÚN NECESIDAD HASTA 40 KG/CM2 CON ESFERA DE 100 MM DE DIAMETRO LLENA DE GLICERINA O ACEITE DE VASELINA CLASE 1 DE EXACTITUD. LA UNIDAD INCLUYE PICAJE ROSCADO DE ACERO REALIZADO SOBRE CARRETE DE ACERO, INCLUSO SOLDADURA Y PROTECCIÓN GALVANIZADA O CON PINTURA DE ZINC, 2 VÁLVULAS DE BOLA ROSCADA Ø1/2" ROSCA GAS, 1 TE ROSCADA DE H.G. Ø1/2" ,1 CODO 90º DE H.G. Ø1/2" Y ENLACES ROSCADOS DE UNION, MONTAJE Y PRUEBAS.
A41: U010102 | B41: Partida | C41: UD | D41: INDICADOR DE NIVEL DE POLEAS | E41: 1 | G41: =ROUND(E41*F41*1,2) -> 0
D42: SUMINISTRO Y MONTAJE DE INDICADOR DE NIVEL DE POLEAS TIPO NPC-PVC NIVEL, DE LA MARCA TECFLUID O SIMILAR. INCLUYE LA CONEXIÓN BRIDA EN 1092-1 DN50 PN16, FLOT. Ø98 H=80 PP PARA D>0,93 KG/L, INDICADOR NPC Ø50 H=120 PVC, 1 M DE CABLE Y 1 M DE TUBO PVC TRANSPARENTE Ø63 Y TODOS LOS ELEMENTOS NECESARIOS PARA SU CORRECTO FUNCIONAMIENTO
A43: U010110 | B43: Partida | C43: UD | D43: ADHESIVO SEÑALIZACIÓN SENTIDO FLUJO EN TUBERÍAS | E43: 1 | G43: =ROUND(E43*F43*1,2) -> 0
D44: ADHESIVO PARA SEÑALIZACIÓN DEL SENTIDO DE FLUJO EN TUBERÍAS DE SALA DE VÁLVULAS, CON SÍMBOLO DE FLECHA Y NOMBRE PERTINENTE, RESISTENTE A LA HUMEDAD.
A45: U010120 | B45: Partida | C45: UD | D45: CARTEL IDENTIFICATIVO DE DEPÓSITO | E45: 1 | G45: =ROUND(E45*F45*1,2) -> 0
D46: SUMINISTRO Y COLOCACIÓN DE CARTEL IDENTIFICATIVO TAMAÑO A3, IMPRESO SOBRE DIBOND BLANCO DE 3MM CON 4 AGUJEROS PARA GARANTIZAR SU SUJECIÓN.
A47: U010150 | B47: Partida | C47: ML | D47: ESCALERA DE ACERO GALVANIZADO | E47: 8 | G47: =ROUND(E47*F47*1,2) -> 0
D48: ESCALERA VERTICAL DE ACERO GALVANIZADO, A BASE DE LLANTA DE 50 X 12 MM., CON PELDAÑOS DE CHAPA PUNZONADA ANTIDESLIZANTE Y FIJACIONES, TODOS LOS MATERIALES EN CALIDAD ACERO.
A49: U010151 | B49: Partida | C49: ML | D49: PROTECCIÓN EN ESCALERA DE ACERO | E49: 8 | G49: =ROUND(E49*F49*1,2) -> 0
D50: PROTECCIÓN EN ESCALERA DE ACERO GALVANIZADO TOTALMENTE COLOCADA.
A51: U010152 | B51: Partida | C51: ML | D51: GUARDA CAÑOS | E51: 8 | G51: =ROUND(E51*F51*1,2) -> 0
D52: GUARDA CAÑOS O PROTECTOR DE BAJANTE DE FUNDICIÓN GRIS DE 0,01M DE ESPESOR, PARA CONDUCCIONES DE HASTA D=110 MM, CON ACABADO PINTADO IGUAL QUE LA PARED, ANCLADA A PARAMENTO CON TORNILLOS, INCLUSO P.P. DE ABRAZADERAS Y ELEMENTOS DE SUJECIÓN, TOTALMENTE COLOCADO.
A53: U141120 | B53: Partida | C53: UD | D53: ASIDERO EMPOTRADO EN PARED DE HORMIGÓN | E53: 1 | G53: =ROUND(E53*F53*1,2) -> 0
D54: SUMINISTRO E INSTALACIÓN DE ASIDERO EMPOTRADO EN LA PARED DE HORMIGÓN, PARA ASCENSO Y DESCENSO DE POZOS, FABRICADO EN ACERO INOXIDABLE, INCLUIDO BASTÓN.
A55: U141121 | B55: Partida | C55: UD | D55: ASIDERO INSTALADOS EN PATES | E55: 1 | G55: =ROUND(E55*F55*1,2) -> 0
D56: SUMINISTRO E INSTALACIÓN DE ASIDERO INSTALADO EN PATES, PARA ASCENSO Y DESCENSO DE POZOS, FABRICADO EN ACERO INOXIDABLE, INCLUIDO BASTÓN.
A57: U999000 | B57: Partida | C57: UD | D57: BY-PASS CALDERERÍA HASTA DN=100 | E57: 1 | G57: =ROUND(E57*F57*1,2) -> 0
D58: UNIDAD DE EJECUCIÓN DE BY-PASS EN INTERIOR DE DEPÓSITO HASTA DN=100 DE FD, QUE INCLUYE TODA LA CALDERERÍA NECESARIA (VÁLVULAS, CARRETES, MANÓMETROS, TS, CODOS, TUBERÍAS), PARA SU CORRECTO FUNCIONAMIENTO.
A59: U999001 | B59: Partida | C59: UD | D59: BY-PASS CALDERERÍA HASTA DN=200 | E59: 1 | G59: =ROUND(E59*F59*1,2) -> 0
D60: UNIDAD DE EJECUCIÓN DE BY-PASS EN INTERIOR DE DEPÓSITO HASTA DN=200 DE FD, QUE INCLUYE TODA LA CALDERERÍA NECESARIA (VÁLVULAS, CARRETES, MANÓMETROS, TS, CODOS, TUBERÍAS), PARA SU CORRECTO FUNCIONAMIENTO.
A61: U999007 | B61: Partida | C61: UD | D61: ALJIBE PROVISIONAL PARA BYPASS DE DEPÓSITO 3 M3 | E61: 1 | G61: =ROUND(E61*F61*1,2) -> 0
D62: EJECUCIÓN DE BY-PASS PROVISIONAL DE DEPÓSITO MEDIANTE EL EMPLEO DE 3 ENVASES TIPO GRG DE 1000 LITROS EN JAULA DE ACERO GALVANIZADO CONECTADOS EN PARALELO, INCLUIDO TODAS LAS CONDUCCIONES PARA EL CONEXIONADO DEL LLENADO Y LA DISTRIBUCIÓN DE LOS MISMOS CON TUBERÍA PEAD DN63 Y ACCESORIOS (VÁLVULAS DE CORTE, CODOS, TES, ENLACES... ROSCADOS O ELECTROSOLDADOS). COMPLETAMENTE INSTALADO. NO INCLUYE AUTOMATIZACIÓN DEL SISTEMA DE LLENADO DE LOS DEPÓSITOS.
A63: U999008 | B63: Partida | C63: UD | D63: ALJIBE PROVISIONAL PARA BYPASS DE DEPÓSITO 6-10 M3 | E63: 1 | G63: =ROUND(E63*F63*1,2) -> 0
D64: EJECUCIÓN DE BY-PASS PROVISIONAL DE DEPÓSITO MEDIANTE EL EMPLEO DE UN ALJIBE METÁLICO, DE POLIETILENO O DE FIBRA DE VIDRIO, CON TOMAS BRIDADAS DE SALIDA, REBOSE Y LLENADO, CAPACIDAD ENTRE 5 Y 10 M3. CON BASE DE APOYO. INCLUIDO TODAS LAS CONDUCCIONES PARA EL CONEXIONADO DEL LLENADO Y LA DISTRIBUCIÓN DEL MISMO CON TUBERÍA PEAD DN75 Y ACCESORIOS (VÁLVULA DE COMPUERTA DE FD DN65 SALIDA, CODOS, TES, ENLACES ... ROSCADOS O ELECTROSOLDADOS). COMPLETAMENTE INSTALADO. NO INCLUYE AUTOMATIZACIÓN DEL SISTEMA DE LLENADO DEL DEPÓSITO POR GRAVEDAD O BOMBEO.
A65: U999009 | B65: Partida | C65: UD | D65: ALJIBE PROVISIONAL PARA BYPASS DE DEPÓSITO 12-20 M3 | E65: 1 | G65: =ROUND(E65*F65*1,2) -> 0
D66: EJECUCIÓN DE BY-PASS PROVISIONAL DE DEPÓSITO MEDIANTE EL EMPLEO DE DOS ALJIBES METÁLICOS, DE POLIETILENO O DE FIBRA DE VIDRIO, CON TOMAS BRIDADAS DE SALIDA, REBOSE Y LLENADO, CAPACIDAD ENTRE 5 Y 10 M3. CON BASE DE APOYO, CONECTADOS EN PARALELO. INCLUIDO TODAS LAS CONDUCCIONES PARA EL CONEXIONADO DEL LLENADO Y LA DISTRIBUCIÓN DEL MISMO CON TUBERÍA PEAD DN75 Y ACCESORIOS (VÁLVULA DE COMPUERTA DE FD DN65 SALIDA, CODOS, TES, ENLACES ... ROSCADOS O ELECTROSOLDADOS). COMPLETAMENTE INSTALADO. NO INCLUYE AUTOMATIZACIÓN DEL SISTEMA DE LLENADO DEL DEPÓSITO POR GRAVEDAD O BOMBEO.
A67: U0200 | B67: Capítulo | D67: DEMOLICIONES, DESBROCE Y TALAS | G67: =SUM(G68:G72) -> 0
A68: U020000 | B68: Partida | C68: M2 | D68: DESPEJE Y DESBROCE | E68: 9500 | G68: =ROUND(E68*F68*1,2) -> 0
D69: DESPEJE Y DESBROCE POR MEDIOS MECANICOS Y/O MANUALES INCLUSO CARGA, TRANSPORTE Y VERTIDO EN OBRA.
A70: U020201 | B70: Partida | C70: UD | D70: TALA ÁRBOL Y EXTRACCIÓN TOCÓN D 20-40 CM | E70: 5 | G70: =ROUND(E70*F70*1,2) -> 0
D71: TALA ÁRBOL DE ENTRE 20 CM. Y 40 CM. DE DIÁMETRO, A DETERMINAR POR LA DIRECCIÓN DE OBRA, Y EXTRACCIÓN DE TOCÓN, INCLUSO CARGA Y TRASNPORTE A VERTEDERO AUTORIZADO, CON TODOS LOS TRANSPORTES INTERMEDIOS QUE SE CONSIDEREN OPORTUNOS.
A72: U020202 | B72: Partida | C72: UD | D72: TALA ÁRBOL Y EXTRACCIÓN TOCÓN D> 40 CM | E72: 1 | G72: =ROUND(E72*F72*1,2) -> 0
D73: TALA ÁRBOL DE MÁS 40 CM. DE DIÁMETRO, A DETERMINAR POR LA DIRECCIÓN DE OBRA, Y EXTRACCIÓN DE TOCÓN, INCLUSO CARGA Y TRASNPORTE A VERTEDERO AUTORIZADO, CON TODOS LOS TRANSPORTES INTERMEDIOS QUE SE CONSIDEREN OPORTUNOS.
A74: U0400 | B74: Capítulo | D74: MOVIMIENTO DE TIERRAS Y DEMOLICIONES | G74: =SUM(G75:G81) -> 0
A75: U040000 | B75: Partida | C75: M3 | D75: EXCAVACION DE TIERRA VEGETAL | E75: 1100 | G75: =ROUND(E75*F75*1,2) -> 0
D76: EXCAVACION DE TIERRA VEGETAL CON ACOPIO EN OBRA, INCLUYENDO CARGA, TRANSPORTE DENTRO DE LA OBRA Y DESCARGA.
A77: U040100 | B77: Partida | C77: M3 | D77: EXCAVACION CIELO ABIERTO SUELTO | E77: 1100 | G77: =ROUND(E77*F77*1,2) -> 0
D78: EXCAVACION A CIELO ABIERTO EN TERRENO SUELTO, INCLUSO AGOTAMIENTO, .
A79: U041100 | B79: Partida | C79: UD | D79: CATA LOCALIZACION DE SERVICIOS | E79: 400 | G79: =ROUND(E79*F79*1,2) -> 0
D80: CATA PARA LA LOCALIZACION DE SERVICIOS, ESTRUCTURAS E INSTALACIONES EXISTENTES EN CUALQUIER LUGAR Y ZONA DE LA OBRA HASTA UNA PROFUNDIDAD DE 2 M. POR MEDIOS MECANICOS Y MANUALES, INCLUSO POSTERIOR RELLENO.
A81: U041301 | B81: Partida | C81: M3 | D81: CARGA Y TRANSPORTE A VERTEDERO | E81: 2200 | G81: =ROUND(E81*F81*1,2) -> 0
D82: CARGA Y TRANSPORTE A VERTEDERO DE PRODUCTOS PROCEDENTES DE EXCAVACIONES Y/O DEMOLICIONES .
A83: U0500 | B83: Capítulo | D83: RELLENOS Y OTROS | G83: =SUM(G84:G104) -> 0
A84: U090001 | B84: Partida | C84: M3 | D84: RELLENO DE ZANJA CON MATERIAL EXCAVACION | E84: 550 | G84: =ROUND(E84*F84*1,2) -> 0
D85: RELLENO DE ZANJA CON MATERIAL ADECUADO PROCEDENTE DE LA EXCAVACION, INCLUSO EXTENDIDO Y COMPACTACION MECANICA AL 95 % PROCTOR MODIFICADO.
A86: U090002 | B86: Partida | C86: M3 | D86: RELLENO DE ZANJA CON MATERIAL ZAHORRA | E86: 500 | G86: =ROUND(E86*F86*1,2) -> 0
D87: RELLENO DE ZANJA CON MATERIAL DE PRESTAMO CALIDAD TIPO ZAHORRA, INCLUSO EXTENDIDO Y COMPACTACION.
A88: U090003 | B88: Partida | C88: M3 | D88: RELLENO DE ZANJA CON ARENA | E88: 400 | G88: =ROUND(E88*F88*1,2) -> 0
D89: RELLENO DE ZANJA CON ARENA CALIZA TIPO A-5 SEGUN EL PLIEGO PARA ASIENTO Y/O PROTECCION DE TUBERIAS, INCLUSO EXTENDIDO Y COMPACTACION.
A90: U090004 | B90: Partida | C90: M3 | D90: RELLENO DE ZANJA CON GRAVA | E90: 350 | G90: =ROUND(E90*F90*1,2) -> 0
D91: RELLENO DE ZANJA CON GRAVA TIPO A-20 S/PLIEGO PARA ASIENTO Y/O PROTECCION DE TUBERIAS INCLUSO EXTENDIDO Y COMPACTACION.
A92: U090005 | B92: Partida | C92: M2 | D92: RELLENO DE ZANJA TIERRA VEGETAL | E92: 500 | G92: =ROUND(E92*F92*1,2) -> 0
D93: RELLENO DE ZANJA CON TIERRA VEGETAL PROCEDENTE DE LA OBRA, EXTENDIDA EN CAPA DE 0.30 M, QUE INCLUYE EXTENDIDO, REFINO, ARADO CON MOTOCULTOR, LABOREO Y RASTRILLADO.
A94: U090100 | B94: Partida | C94: M3 | D94: RELLENO DE TRASDOS MAT. SELEC. | E94: 500 | G94: =ROUND(E94*F94*1,2) -> 0
D95: RELLENO DE TRASDOS DE OBRA DE FABRICA CON MATERIAL SELECCIONADO DE EXCAVACION EXTENDIDO Y COMPACTADO MECANICAMENTE.
A96: U090101 | B96: Partida | C96: M3 | D96: RELLENO DE TRASDOS MAT. FILTRANTE | E96: 300 | G96: =ROUND(E96*F96*1,2) -> 0
D97: RELLENO DE TRASDOS DE OBRA DE FABRICA CON MATERIAL FILTRANTE DE ARIDO DE CANTERA, EXTENDIDO Y COMPACTADO.
A98: U090102 | B98: Partida | C98: M3 | D98: RELLENO DE TRASDOS ZAHORRA | E98: 300 | G98: =ROUND(E98*F98*1,2) -> 0
D99: RELLENO DE TRASDOS DE OBRA DE FABRICA CON MATERIAL DE PRESTAMO CALIDAD TIPO ZAHORRA ARTIFICIAL, INCLUSO EXTENDIDO Y COMPACTADO.
A100: U090200 | B100: Partida | C100: M3 | D100: TERRAPLEN CON MATERIAL ADECUADO | E100: 100 | G100: =ROUND(E100*F100*1,2) -> 0
...
